Map: Eternal Empire LE

Players

antagomiR

  • Race: Protoss Protoss
  • League: Gold
  • Spawn Location: 7:00

JDBOSU - Winner!

  • Race: Protoss Protoss
  • League: Silver
  • Spawn Location: 1:00

VOD

Have the link to the VOD?

Description

Time

  • Played on: April 4, 2020, 3:13 p.m.
  • Length: 8:54
Show
View Real Time Build Order
Export as new Build Order

antagomiR Protoss 

Build Orders:  

Get SALT Encoding   

  12  0:01  Probe  
  13  0:13  Probe  
  14  0:18  Pylon  
  14  0:28  Probe  
  15  0:36  Gateway  
  15  0:42  Probe  
  16  0:54  Probe  
  17  0:57  Assimilator  
  17  1:06  Probe  
  17  1:08  Assimilator  
  18  1:18  Probe  
  19  1:30  Probe  
  20  1:35  Cybernetics Core  
  20  1:37  Pylon  
  20  1:42  Probe  
  21  1:55  Probe  
  22  2:07  Probe  
  23  2:08  Warp Gate (Chrono Boost)  
  22  2:17  Nexus  
  22  2:19  Probe  
  23  2:23  Pylon  
  23  2:26  Adept (Chrono Boost)  
  25  2:34  Probe  
  26  2:43  Shield Battery  
  26  2:46  Probe  
  27  2:51  Robotics Facility  
  27  3:01  Probe  
  28  3:13  Probe  
  29  3:25  Probe, Gateway  
  29  3:26  Gateway  
  30  3:31  Probe  
  31  3:37  Probe  
  32  3:43  Probe  
  33  3:50  Probe  
  33  3:53  Stalker  
  33  3:55  Probe  
  37  4:00  Observer  
  37  4:02  Probe  
  39  4:07  Probe  
  40  4:15  Probe  
  39  4:19  Probe  
  36  4:26  Stalker x2  
  36  4:27  Stalker  
  36  4:28  Probe  
  43  4:32  Immortal (Chrono Boost)  
  44  4:51  Pylon  
  44  4:57  Sentry  
  46  5:11  Pylon  
  46  5:16  Immortal  
  46  5:17  Pylon  
  50  5:22  Forge  
  50  5:26  Stalker x2  
  54  5:49  Probe x2  
  56  5:56  Pylon  
  56  6:00  Sentry  
  56  6:01  Probe x2  
  56  6:03  Sentry  
  62  6:12  Twilight Council, Observer  
  62  6:13  Probe  
  64  6:22  Probe  
  64  6:25  Probe  
  66  6:33  Immortal  
  66  6:34  Probe  
  66  6:36  Sentry  
  66  6:37  Probe, Assimilator  
  66  6:38  Stalker  
  76  6:41  Assimilator  
  76  6:46  Probe  
  77  6:49  Probe  
  78  7:09  Pylon  
  78  7:11  Pylon  
  78  7:15  Pylon  
  78  7:27  Probe x2  
  80  7:39  Probe x2  
  82  7:45  Templar Archives  
  82  7:51  Probe  
  82  7:52  Probe  
  84  8:04  Probe x2  
  82  8:16  Probe x2  
  62  8:24  Stalker x2  
  62  8:25  Stalker  
Show
View Real Time Build Order
Export as new Build Order

JDBOSU Protoss - Winner!

Build Orders:  

Get SALT Encoding   

  12  0:02  Probe (Chrono Boost)  
  13  0:15  Pylon  
  13  0:18  Probe  
  14  0:30  Probe  
  15  0:39  Gateway  
  15  0:49  Gateway  
  15  0:51  Probe  
  16  0:59  Assimilator  
  16  1:04  Probe (Chrono Boost)  
  17  1:14  Probe (Chrono Boost)  
  18  1:26  Zealot  
  20  1:37  Zealot  
  22  1:40  Cybernetics Core  
  22  1:47  Probe  
  23  2:17  Warp Gate (Chrono Boost)  
  23  2:26  Nexus  
  23  2:37  Pylon  
  23  2:50  Pylon  
  23  2:51  Assimilator  
  23  2:52  Probe (Chrono Boost)  
  23  2:58  Probe  
  23  3:03  Stalker (Chrono Boost)  
  26  3:10  Probe  
  29  3:13  Stalker (Chrono Boost)  
  29  3:36  Probe  
  29  3:41  Twilight Council  
  30  3:48  Probe  
  29  4:04  Stalker x2  
  32  4:28  Stalker  
  32  4:31  Zealot  
  34  4:55  Stalker  
  34  4:56  Zealot  
  38  5:10  Probe x2  
  40  5:24  Gateway  
  40  5:25  Probe x2  
  40  5:26  Gateway  
  42  5:35  Pylon  
  40  5:45  Pylon  
  40  5:54  Charge (Chrono Boost)  
  40  6:01  Probe  
  40  6:02  Probe  
  42  6:14  Probe x2, Zealot x2  
  48  6:26  Robotics Facility  
  48  6:30  Pylon  
  48  6:34  Zealot  
  48  6:35  Zealot x3  
  56  6:49  Probe x2  
  58  6:56  Pylon  
  58  6:57  Stalker x2  
  58  6:58  Stalker  
  64  7:05  Zealot  
  66  7:13  Observer (Chrono Boost)  
  67  7:19  Probe x2  
  69  7:24  Stalker x2  
  73  7:39  Probe x2  
  75  7:46  Stalker  
  75  7:50  Stalker  
  79  8:07  Stalker  
  73  8:36  Stalker x4  
Tags
 
Matchup
PvP
Replay Pack
20200422
Spawn Locations
Cross Positions
Add a new tag
Caveats
  • Supply blocks, unpowered buildings, or Contaminate may cause inaccurate times.
  • Supply counts are checked every 10 seconds.